 Dungeon Crawl Stone Soup version 0.26-a0-667-g92642533e4 (webtiles) character file.

Game seed: 2445826324908300208

2066 lunkers the Cleaver (level 9, -13/63 HPs)
             Began as an Octopode Fighter on Oct 16, 2020.
             Was a Follower of the Shining One.
             Killed from afar by Maggie (24 damage)
             ... with a bolt of fire
             ... on level 7 of the Dungeon.
             The game lasted 00:09:46 (7131 turns).

lunkers the Cleaver (Octopode Fighter)              Turns: 7131, Time: 00:09:47

Health: -13/63     AC:  1    Str: 15    XL:     9   Next: 26%
Magic:  9/9        EV: 14    Int: 13    God:    the Shining One [*.....]
Gold:   483        SH:  5    Dex: 12    Spells: 8/8 levels left

rFire    . . .     SeeInvis .   a - +0 war axe
rCold    + . .     Faith    .   l - +0 buckler
rNeg     . . .     Spirit   .   (helmet restricted)
rPois    .         Reflect  .   (no amulet)
rElec    .         Harm     .   r - ring of stealth
rCorr    +         Rampage  .   s - ring of resist corrosion
MR       .....                  w - +4 ring of slaying
Stlth    ++........             t - ring of protection from cold
HPRegen  0.20/turn              (no ring)
MPRegen  0.11/turn              (no ring)
                                (no ring)
                                (no ring)

@: glowing
A: almost no armour, stealthy swim, amphibious, 8 rings, constrict 8, camouflage
1, gelatinous body 1
a: Renounce Religion


You were on level 7 of the Dungeon.
You worshipped the Shining One.
The Shining One was aware of your devotion.
You visited 2 branches of the dungeon, and saw 8 of its levels.

You collected 483 gold pieces.

Inventory:

Hand Weapons
 a - a +0 war axe (weapon)
Missiles
 z - 8 curare-tipped darts {=f}
Armour
 b - a +0 kite shield
 l - a +0 buckler (worn)
Jewellery
 r - a ring of stealth (left tentacle)
 s - a ring of resist corrosion (right tentacle)
 t - a ring of protection from cold (on tentacle)
 w - a +4 ring of slaying (on tentacle)
Scrolls
 d - 2 scrolls of noise {unknown}
 e - 4 scrolls of teleportation {unknown}
 h - 3 scrolls of enchant armour {unknown}
 j - 2 scrolls of amnesia {unknown}
 m - 6 scrolls of identify {unknown}
 n - 2 scrolls of fog {unknown}
 o - a scroll of magic mapping {unknown}
 p - 4 scrolls of remove curse {unknown}
 u - a scroll of random uselessness {unknown}
 v - 2 scrolls of enchant weapon {unknown}
 y - a scroll of immolation {unknown}
 A - a scroll of acquirement {unknown}
Potions
 c - 2 potions of brilliance {unknown}
 f - 2 potions of flight {unknown}
 g - 2 potions of invisibility {unknown}
 i - a potion of heal wounds {unknown}
 k - 3 potions of magic {unknown}
 q - 6 potions of curing
 x - a potion of degeneration {unknown}


   Skills:
 + Level 6.6 Fighting
 * Level 8.7 Axes
 - Level 3.0 Dodging
 + Level 6.6 Shields


You had 8 spell levels left.
You didn't know any spells.
Your spell library contained the following spells:

 Spells                   Type           Power        Failure   Level
 Magic Dart               Conj           #...         30%         1
 Blink                    Tloc           N/A          43%         2
 Call Imp                 Summ           #.......     43%         2
 Slow                     Hex            #.......     43%         2
 Conjure Flame            Conj/Fire      #.......     67%         3
 Mephitic Cloud           Conj/Pois/Air  #.......     67%         3


Dungeon Overview and Level Annotations

Branches:
Dungeon (7/15)             Temple (1/1) D:4

Altars:
Ashenzari
Cheibriados
Dithmenos
Elyvilon
Fedhas
Gozag
Hepliaklqana
Kikubaaqudgha
Makhleb
Nemelex Xobeh
Okawaru
Qazlal
Ru
Sif Muna
Trog
Uskayaw
Vehumet
Wu Jian
Xom
Yredelemnul
Zin
The Shining One

Shops:
D:4 =   D:6 =

Annotations:
D:5 1 runed translucent door, corevian's ghost, weakling DECj
D:7 Maggie


Innate Abilities, Weirdness & Mutations

You cannot wear most types of armour.
You are very stealthy in the water. (Stealth+)
You are amphibious.
You can wear up to eight rings at the same time.
You can use your tentacles to constrict eight enemies at once.
Your skin changes colour to match your surroundings (Stealth+).
Your rubbery body absorbs attacks. (AC +1, EV +1)


Message History

You hit Maggie.
Maggie is heavily wounded.
You break out of your daze.
You constrict Maggie.
Unknown command.
You hit Maggie.
Maggie is heavily wounded.
You constrict Maggie.
Maggie points at you and mumbles some strange words.
The bolt of fire misses you.
You completely miss Maggie.
Maggie is heavily wounded.
You constrict Maggie.
Maggie zaps a wand.
The puff of flame hits you!
* * * LOW HITPOINT WARNING * * *
You slash Maggie!
Maggie is almost dead.
You constrict Maggie, but do no damage.
Maggie points at you and mumbles some strange words.
The bolt of fire hits you!!
You die...

...#..# #.....#### ####
#..#.###.###..##
)..#......#....#
#)..........#..#
#.........#....## ##
##.....#..##....##.##
##...##....###..#...#
......##..(# ##.@...#
..........## #...@.....#
....#............#......
......##.........#..##..
.###+## ##.#..#..# ..# .
.# ...#....# .## .#
..##...## . .+ .. ... ..
.# ...#...


You could see Maggie.

Vanquished Creatures
  Grinder (D:3)
  Sigmund (D:4)
  An orc warrior (D:7)
  An ice beast (D:6)
  A sky beast (D:6)
  2 ogres
  2 centaurs (D:7)
  A gnoll sergeant (D:6)
  3 bullfrogs
  4 wights
  2 howler monkeys (D:6)
  A bullfrog zombie (D:6)
  A hound (D:6)
  2 jellies
  A centaur skeleton (D:5)
  An orc priest (D:3)
  Ijyb (D:3)
  Terence (D:3)
  A worker ant (D:4)
  Natasha (thrice) (D:3)
  A hound zombie (D:5)
  Robin (D:3)
  9 adders
  A howler monkey skeleton (D:5)
  2 ufetubi
  4 adder skeletons
  2 worms
  2 dart slugs
  6 leopard geckos
  15 orcs
  10 bats
  7 giant cockroaches
  10 hobgoblins
  11 jackals
  A quokka (D:2)
  5 frilled lizards
  16 goblins
  9 kobolds
  A leopard gecko zombie (D:6)
  A quokka skeleton (D:5)
  6 rats
151 creatures vanquished.

Notes
Turn   | Place    | Note
-------+----------+-------------------------------------------
     0 | D:1      | lunkers the Octopode Fighter began the quest for the Orb.
     0 | D:1      | Reached XP level 1. HP: 16/16 MP: 1/1
   411 | D:1      | Reached XP level 2. HP: 21/21 MP: 2/2
   773 | D:1      | Reached XP level 3. HP: 26/26 MP: 3/3
  1020 | D:2      | Reached skill level 3 in Axes
  1346 | D:2      | Reached XP level 4. HP: 29/31 MP: 4/4
  1734 | D:3      | Noticed Natasha
  1738 | D:3      | Killed Natasha
  1808 | D:3      | Noticed Grinder
  1941 | D:3      | Paralysed by Grinder for 5 turns
  1955 | D:3      | Killed Grinder
  1955 | D:3      | Reached skill level 4 in Axes
  1955 | D:3      | Reached XP level 5. HP: 5/38 MP: 5/5
  1955 | D:3      | Reached XP level 6. HP: 6/44 MP: 6/6
  2257 | D:3      | Noticed Ijyb
  2268 | D:3      | Noticed Natasha
  2269 | D:3      | Killed Ijyb
  2269 | D:3      | Reached skill level 5 in Axes
  2271 | D:3      | Killed Natasha
  2531 | D:3      | Noticed Natasha
  2538 | D:3      | Killed Natasha
  2621 | D:3      | Found a shimmering altar of Xom.
  2621 | D:3      | Found a shimmering altar of Xom.
  2622 | D:3      | Found a shimmering altar of Xom.
  2622 | D:3      | Found a shimmering altar of Xom.
  2661 | D:3      | Noticed Terence
  2674 | D:3      | Killed Terence
  2674 | D:3      | Reached XP level 7. HP: 19/49 MP: 7/7
  2940 | D:3      | Noticed Robin
  3038 | D:3      | Killed Robin
  3461 | D:4      | Found a staircase to the Ecumenical Temple.
  3470 | Temple   | Entered the Ecumenical Temple
  3605 | Temple   | Became a worshipper of the Shining One
  3714 | D:4      | Noticed Sigmund
  3718 | D:4      | Killed Sigmund
  3718 | D:4      | Reached skill level 5 in Fighting
  3718 | D:4      | Reached skill level 6 in Axes
  3862 | D:4      | Reached skill level 5 in Shields
  4099 | D:4      | Reached XP level 8. HP: 19/55 MP: 8/8
  4324 | D:4      | Found Oliakk's Jewellery Emporium.
  4553 | D:5      | Entered Level 5 of the Dungeon
  4584 | D:5      | Found a blossoming altar of Fedhas.
  5363 | D:5      | Reached * piety under the Shining One
  5443 | D:5      | Found a runed translucent door.
  5446 | D:5      | Noticed corevian's ghost (weakling DECj)
  5629 | D:6      | Found Safeij Tedih's Jewellery Emporium.
  5695 | D:6      | Found a broken altar of Ashenzari.
  5711 | D:6      | Reached skill level 7 in Axes
  6334 | D:6      | Found a hazy altar of Hepliaklqana.
  6335 | D:6      | Found a snail-covered altar of Cheibriados.
  6343 | D:6      | Found a hide-covered altar of Uskayaw.
  6345 | D:6      | Found a basalt altar of Yredelemnul.
  6663 | D:6      | Reached skill level 8 in Axes
  6804 | D:7      | Reached XP level 9. HP: 52/63 MP: 9/9
  7118 | D:7      | Noticed Maggie
  7131 | D:7      | Killed from afar by Maggie

Illustrated notes

Levels and vault maps discovered:
D:1:      dpeg_arrival_orchard, layout_rooms, hangedman_decor_lopped,
          minmay_circled_x
D:2:      layout_rooms
D:3:      layout_loops_ring, xom_redecorated, hex_tiny, guppyfry_early_orc_mine,
          uniq_ijyb, uniq_natasha, uniq_robin, uniq_terence, uniq_grinder
D:4:      layout_loops_ring, minmay_temple_entry_ruins, serial_shops,
          nicolae_shop_stone, uniq_sigmund
D:5:      layout_basic, old_standard_altar, ebering_ghost_reflecting_pool,
          minmay_small_thing
D:6:      minmay_chambers_of_threes, layout_basic, minitemple, serial_shops,
          shop_fountains, interstate_on_off, minmay_misc_feat_cross,
          ashenzari_altar_1
D:7:      layout_cave_pools, serial_shops, kennysheep_little_box, shop,
          nicolae_shop_trees, shop, uniq_pikel, uniq_maggie
Temple:   minmay_temple_bridge_d

Skill      XL: |  1  2  3  4  5  6  7  8 |
---------------+-------------------------+-----
Axes           | 3 4 5 6 8 |  8.7
Fighting       | 4 5 6 |  6.6
Shields        | 4 5 6 |  6.6
Dodging        | |  3.0

Action                   |  1- 3 |  4- 6 |  7- 9 || total
-------------------------+-------+-------+-------++-------
Melee: War axe           |    69 |    81 |   161 ||   311
       Constrict         |    23 |    18 |    30 ||    71
       Tentacles         |    10 |    22 |    26 ||    58
       Unarmed           |       |    14 |       ||    14
Evoke: Wand              |       |     2 |       ||     2
  Use: Potion            |       |     1 |       ||     1
 Stab: Sleeping          |     3 |     4 |     3 ||    10
Armor: Skin              |    13 |     5 |     6 ||    24
Dodge: Dodged            |    42 |    50 |    94 ||   186
Block: Kite shield       |    20 |       |       ||    20
       Buckler           |     7 |    13 |    22 ||    42

Table legend: (Time is in decaauts)
 A = Elapsed time spent in this place.
 B = Non-inter-level travel time spent in this place.
 C = Inter-level travel time spent in this place.
 D = Time resting spent in this place.
 E = Time spent auto-exploring this place.
 F = Levels seen in this place.
 G = Mean time per level.
                   A        B        C        D        E       F      G
               +--------+--------+--------+--------+--------+-----+--------+
         Total |   7206 |   6943 |    263 |    654 |   5174 |   8 |  900.8 |
       Dungeon |   6997 |   6807 |    190 |    654 |   5093 |   7 |  999.6 |
        Temple |    208 |    135 |     73 |      0 |     81 |   1 |  208.0 |
               +--------+--------+--------+--------+--------+-----+--------+

Top non-repeatable levels by time:
     D:3: 1607 daAuts
     D:5: 1149 daAuts
     D:6: 1105 daAuts
     D:1: 1034 daAuts
     D:4: 941 daAuts
     D:2: 823 daAuts
     D:7: 336 daAuts
  Temple: 208 daAuts
